Map: Dreamcatcher LE

Players

PartinG - Winner!

  • Race: Protoss Protoss
  • Spawn Location: 11:00

Zanster

  • Race: Zerg Zerg
  • League: Master
  • Spawn Location: 5:00

Event: HomeStory Cup XVII

VOD

Have the link to the VOD?

Description

Time

  • Played on: June 29, 2018, 4:27 p.m.
  • Length: 8:13

All games in this series

Show
View Real Time Build Order
Export as new Build Order

PartinG Protoss - Winner!

Build Orders: 1 Gate Expand, Dark Templar Rush 

Get SALT Encoding   

  12  0:00  Probe  
  13  0:13  Probe  
  14  0:18  Pylon  
  14  0:25  Probe  
  15  0:33  Probe  
  15  0:37  Gateway  
  15  0:41  Probe  
  16  0:46  Assimilator  
  17  0:50  Probe  
  18  0:58  Probe  
  19  1:06  Probe  
  20  1:26  Nexus  
  20  1:34  Cybernetics Core  
  20  1:40  Assimilator  
  20  1:43  Probe  
  21  1:50  Pylon  
  21  1:55  Probe  
  21  2:00  Stalker  
  22  2:07  Probe  
  23  2:14  Warp Gate  
  25  2:19  Probe  
  26  2:24  Twilight Council  
  26  2:32  Adept  
  26  2:35  Probe  
  26  2:36  Probe  
  30  2:44  Probe  
  30  2:47  Probe  
  31  2:53  Probe  
  32  2:59  Probe  
  32  3:05  Probe  
  34  3:09  Robotics Facility  
  34  3:11  Probe  
  35  3:16  Dark Shrine  
  35  3:17  Probe  
  36  3:23  Probe  
  37  3:29  Probe  
  37  3:30  Gateway  
  38  3:35  Probe  
  37  3:41  Probe  
  37  3:42  Gateway  
  37  3:46  Gateway  
  38  3:48  Warp Prism  
  38  3:49  Shield Battery  
  38  3:51  Probe  
  39  4:01  Probe  
  42  4:04  Probe  
  42  4:06  Assimilator  
  42  4:08  Assimilator  
  43  4:11  Pylon  
  43  4:14  Probe  
  43  4:16  Probe  
  45  4:18  Pylon  
  45  4:25  Observer  
  45  4:30  Probe x2  
  48  4:36  Pylon  
  48  4:41  Resonating Glaives  
  48  4:43  Sentry  
  48  4:44  Sentry  
  52  4:46  Sentry x2  
  52  4:51  Immortal  
  56  4:54  Probe x2  
  56  4:56  Observer  
  62  5:10  Adept x4  
  70  5:15  Gateway x2  
  70  5:23  Forge  
  70  5:32  Pylon  
  70  5:40  Nexus  
  70  5:50  Probe x2, Pylon  
  72  5:58  Sentry x2  
  72  5:59  Sentry  
  78  6:05  Protoss Ground Weapons Level 1  
  78  6:10  Probe  
  78  6:11  Probe  
  78  6:14  Gateway  
  78  6:15  Gateway  
  78  6:17  Sentry  
  72  6:19  Photon Cannon  
  72  6:20  Shield Battery  
  72  6:21  Pylon  
  72  6:23  Probe x2  
  72  6:25  Pylon  
  74  6:26  Immortal  
  74  6:28  Observer  
  74  6:29  Dark Templar  
  80  6:45  Adept x4  
  88  6:59  Adept  
  90  7:02  Dark Templar  
  90  7:04  Observer  
  90  7:07  Dark Templar  
  90  7:08  Dark Templar x2  
  96  7:14  Observer  
  92  7:18  Adept  
  92  7:19  Adept  
  92  7:20  Probe x2  
  98  7:24  Adept x2  
  98  7:25  Probe  
  98  7:27  Observer  
  103  7:32  Probe x2  
  103  7:33  Probe  
  103  7:39  Adept x4  
  103  7:42  Sentry  
  115  7:44  Probe  
  109  8:04  Adept x7  
  109  8:05  Adept  
Show
View Real Time Build Order
Export as new Build Order

Zanster Zerg 

Build Orders: Pool First 

Get SALT Encoding   

  12  0:00  Drone  
  13  0:13  Overlord  
  13  0:17  Drone  
  14  0:31  Drone x2  
  16  0:35  Drone  
  17  0:44  Extractor  
  17  0:46  Drone  
  17  0:50  Spawning Pool  
  17  0:56  Drone  
  17  1:08  Drone  
  18  1:19  Hatchery  
  18  1:21  Drone  
  18  1:30  Drone  
  19  1:37  Queen  
  21  1:40  Zergling x2  
  21  1:46  Metabolic Boost  
  22  1:53  Overlord  
  22  2:13  Queen  
  24  2:16  Drone  
  24  2:17  Drone  
  26  2:29  Zergling x2  
  27  2:31  Queen  
  27  2:32  Zergling x2  
  30  2:40  Drone  
  31  2:44  Overlord  
  31  2:47  Drone  
  31  2:49  Drone  
  32  2:51  Drone  
  32  2:52  Drone  
  32  2:56  Overlord  
  34  3:01  Overlord  
  34  3:15  Drone x3  
  37  3:22  Drone, Hatchery  
  37  3:30  Baneling Nest, Drone x2  
  37  3:33  Drone x2  
  40  3:39  Extractor  
  39  3:43  Overlord  
  39  3:46  Queen, Evolution Chamber  
  41  3:49  Zergling x2  
  41  3:50  Zergling x2  
  41  3:54  Zergling x2  
  41  3:55  Zergling x4  
  46  4:01  Overlord  
  45  4:06  Lair  
  46  4:16  Zergling x2  
  46  4:17  Zergling x8  
  51  4:19  Spore Crawler  
  51  4:21  Spore Crawler  
  49  4:25  Queen  
  49  4:28  Zergling x8  
  55  4:34  Baneling x6  
  55  4:38  Zergling x6  
  55  4:39  Zergling x4  
  55  4:44  Overlord  
  60  4:52  Overlord  
  59  4:55  Queen  
  59  4:56  Zergling x2  
  59  4:57  Zergling x6  
  59  4:58  Zergling x2  
  59  4:59  Zergling x2  
  67  5:04  Overlord  
  67  5:08  Overseer  
  67  5:15  Drone x5  
  67  5:18  Extractor  
  67  5:20  Drone x3, Extractor  
  74  5:21  Drone  
  74  5:26  Overlord  
  74  5:34  Drone x3  
  77  5:39  Overlord  
  77  5:44  Drone x3  
  77  5:45  Hydralisk Den  
  77  5:46  Drone, Evolution Chamber  
  77  5:49  Overlord  
  79  5:53  Zergling x4  
  79  5:54  Zergling x2  
  81  6:02  Drone  
  81  6:03  Drone x4  
  86  6:09  Drone  
  86  6:10  Drone x4  
  88  6:14  Extractor  
  86  6:19  Zerg Melee Weapons Level 1  
  86  6:20  Muscular Augments  
  86  6:21  Drone x2  
  86  6:22  Drone  
  89  6:26  Drone  
  89  6:30  Overlord  
  90  6:38  Hydralisk x3  
  96  6:43  Hydralisk  
  97  6:47  Hydralisk  
  97  6:50  Hydralisk  
  97  6:51  Zergling x2  
  97  6:52  Zergling x2  
  103  6:54  Hatchery  
  103  6:55  Hydralisk  
  103  6:57  Hydralisk  
  105  7:06  Zergling x6  
  105  7:07  Zergling x6  
  109  7:09  Baneling x5  
  109  7:10  Baneling  
  97  7:16  Overseer  
  88  7:23  Overseer  
  88  7:28  Zergling x12  
  88  7:29  Zergling x2  
  96  7:35  Drone  
  96  7:36  Drone  
  96  7:46  Hydralisk  
  96  7:47  Zergling x2  
Tags
 
Add a new tag
Caveats
  • Supply blocks, unpowered buildings, or Contaminate may cause inaccurate times.
  • Supply counts are checked every 10 seconds.